 Dungeon Crawl Stone Soup version 0.26-a0-651-gb41185065b (webtiles) character file.

Game seed: 9162640917803578741

44674 Flugslaktarn the Cleaver (level 13, -1/129 HPs)
             Began as a Deep Dwarf Fighter on Oct 6, 2020.
             Was an Elder of Makhleb.
             Slain by a phantasmal warrior (19 damage)
             ... led by a death knight
             ... on level 15 of the Dungeon.
             The game lasted 00:08:51 (9098 turns).

Flugslaktarn the Cleaver (Deep Dwarf Fighter)       Turns: 9098, Time: 00:08:51

Health: -1/129     AC: 21    Str: 23    XL:     13   Next: 97%
Magic:  1/1        EV:  4    Int:  9    God:    Makhleb [****..]
Gold:   751        SH: 18    Dex: 12    Spells: 12/12 levels left

rFire    . . .     SeeInvis +   b - +2 war axe (flame)
rCold    . . .     Faith    +   l - +0 tower shield
rNeg     . . .     Spirit   .   p - +0 plate armour
rPois    .         Reflect  .   Q - +1 helmet
rElec    .         Harm     .   y - +0 cloak
rCorr    .         Rampage  .   a - +1 pair of gloves
MR       .....                  (no boots)
Stlth    ..........             h - amulet of faith
HPRegen  0.00/turn              (no ring)
MPRegen  0.07/turn              i - ring of see invisible

@: mighty, brilliant, lethally poisoned (-1 -> -1), vulnerable,
non-regenerating, slowed, very slow
A: damage resistance, heal wounds, sense surroundings 2, weak 1, no regeneration
a: Heal Wounds, Minor Destruction, Lesser Servant of Makhleb, Major Destruction,
Renounce Religion


You were on level 15 of the Dungeon.
You worshipped Makhleb.
Makhleb was greatly pleased with you.
You visited 2 branches of the dungeon, and saw 16 of its levels.
You also visited: Gauntlet.

You collected 887 gold pieces.
You spent 136 gold pieces at shops.

Inventory:

Hand Weapons
 b - a +2 war axe of flaming (weapon)
   (You took it off a wight on level 14 of the Dungeon)
 s - a +0 war axe of freezing
   (You bought it in a shop on level 6 of the Dungeon)
 C - the +5 hand axe "Zuudiri" {vorpal, rPois Str+4 Dex+5}
   (You found it on level 10 of the Dungeon)

   It inflicts extra damage upon your enemies.
   It affects your strength (+4).
   It affects your dexterity (+5).
   It protects you from poison.
Missiles
 f - 3 throwing nets (quivered)
Armour
 a - a +1 pair of gloves (worn)
   (You found it on level 6 of the Dungeon)
 c - a +0 kite shield
 l - a +0 tower shield (worn)
   (You found it on level 14 of the Dungeon)
 o - a scarf of resistance
   (You found it on level 5 of the Dungeon)
 p - a +0 plate armour (worn)
   (You found it on level 3 of the Dungeon)
 y - a +0 cloak (worn)
   (You found it on level 4 of the Dungeon)
 Q - a +1 helmet (worn)
   (You found it on level 14 of the Dungeon)
Jewellery
 h - an amulet of faith (around neck)
   (You found it on level 6 of the Dungeon)
 i - a ring of see invisible (right hand)
   (You found it on level 13 of the Dungeon)
Wands
 u - a wand of digging (4)
   (You found it on level 7 of the Dungeon)
 B - a wand of paralysis (19)
   (You found it on level 6 of the Dungeon)
 J - a wand of acid (3)
   (You found it on level 12 of the Dungeon)
 O - a wand of iceblast (5)
   (You found it on level 12 of the Dungeon)
Scrolls
 g - a scroll of fog
 t - a scroll of teleportation
 x - 8 scrolls of remove curse
 z - 5 scrolls of blinking
 D - 3 scrolls of fear
 G - 3 scrolls of immolation
 H - a scroll of enchant armour
 I - 2 scrolls of enchant weapon
 K - a scroll of brand weapon
Potions
 e - 3 potions of cancellation
 j - 2 potions of mutation
 k - a potion of lignification
 q - 3 potions of curing
 v - a potion of brilliance
 w - 3 potions of heal wounds
 A - a potion of magic
 E - 2 potions of flight
Miscellaneous
 F - a condenser vane (inert)
   (You found it on level 8 of the Dungeon)


   Skills:
 * Level 12.2 Fighting
 * Level 14.0 Axes
 + Level 10.5 Armour
 + Level 10.6 Shields
 + Level 9.2 Invocations
 + Level 9.2 Evocations


You had 12 spell levels left.
You didn't know any spells.
Your spell library was empty.

Dungeon Overview and Level Annotations

Branches:
Dungeon (15/15)            Temple (1/1) D:7            Lair (0/6) D:9
    Orc (0/2) D:9          Vaults (0/5) D:13         Depths (0/5) D:15
Gauntlet (visited)

Altars:
Ashenzari
Cheibriados
Dithmenos
Elyvilon
Fedhas
Gozag
Hepliaklqana
Kikubaaqudgha
Makhleb
Nemelex Xobeh
Okawaru
Qazlal
Ru
Sif Muna
Trog
Uskayaw
Vehumet
Wu Jian
Xom
Yredelemnul
Zin
The Shining One
Beogh

Shops:
D:6 (   D:13 :   D:14 !

Annotations:
D:14 2 transporters, Doataceo's ghost, journeyman DsFi


Innate Abilities, Weirdness & Mutations

You are resistant to damage.
You can heal yourself by infusing magical energy.
You passively map the area around you.
You do not regenerate.
You are weak. (Str -2)


Message History

The stinking cloud engulfs the tengu conjurer but does no damage.
The stinking cloud engulfs the phantasmal warrior but does no damage.
The stinking cloud engulfs the death knight but does no damage.
You block the phantasmal warrior's attack.
The orc knight roars a battlecry!
The orc priest goes into a battle-frenzy!
The death knight hits you with a +0 great mace!
* * * LOW HITPOINT WARNING * * *
The tengu conjurer is engulfed in noxious fumes.
The tengu conjurer appears confused.
You block the tengu conjurer's attack. The tengu conjurer barely misses you.
The tengu conjurer claws you but does no damage.
The tengu conjurer points at you and mumbles some strange words.
The bolt of poison hits the phantasmal warrior.
The phantasmal warrior completely resists.
The bolt of poison hits you!
You are poisoned.
* * * LOW HITPOINT WARNING * * *
The phantasmal warrior hits you!!
You die...

, , ..§#≈..§§.≈#§ , ,...#
#.≈≈§≈..§≈≈§§ ,...#
#.≈≈≈§≈.≈§≈≈≈ , , , ...#
#.≈§#≈§≈§§#.≈ * #..#
#§...≈≈#≈§..[ #..#
#..≈≈≈≈≈§≈.. #..#
#.........# #.○#
#####.#####
#@Q#########.##### * *
######Wp*zW............
*,,......ooQW.Z............
, ####.....o*.......######
* #...####...###.# *, #...
#..†# #.# #... *#.).# #.# ,
**#... ,.ohz.# #.# ,
.......hW... ... ,


You could see a death knight (reflects damage, corroded), an orc knight, a
skeletal warrior, a phantasmal warrior, 2 freezing wraiths, 2 tengu conjurers,
an orc priest (strong), an orc wizard (fast, strong), 2 battlespheres and a
centaur warrior skeleton.

Vanquished Creatures
  A fire giant (D:15)
  A minotaur (Gauntlet)
  A great orb of eyes (Gauntlet)
  Harold (D:7)
  A hydra (D:13)
  A vault guard (D:13)
  Erica (D:8)
  An ogre mage (D:8)
  7 two-headed ogres
  4 centaur warriors (D:13)
  5 skeletal warriors (D:9)
  2 wizards (Gauntlet)
  2 deep elf magi (D:10)
  A shining eye (Gauntlet)
  23 ugly things
  4 cyclopes
  A centaur zombie (D:14)
  A guardian serpent (D:14)
  Joseph (D:7)
  3 gargoyles
  Maggie (D:8)
  A yaktaur (shapeshifter) (D:14)
  A kobold demonologist (D:14)
  A tengu conjurer (D:10)
  7 trolls
  A queen bee (shapeshifter) (D:10)
  Grinder (D:6)
  A hornet (D:9)
  3 hippogriffs
  A tarantella (shapeshifter) (D:13)
  3 wyverns
  A basilisk (D:14)
  2 steam dragons
  4 vampire mosquitoes (D:14)
  A soldier ant (D:12)
  An acid dragon (D:13)
  2 water moccasins
  A floating eye (Gauntlet)
  8 ice beasts
  Duvessa (D:6)
  5 sky beasts
  A black bear (D:9)
  9 orc warriors
  11 ogres
  4 phantoms
  10 centaurs
  5 big kobolds
  10 bullfrogs
  A gnoll sergeant (D:8)
  Dowan (D:6)
  8 scorpions
  7 killer bees
  13 wights
  A howler monkey (D:10)
  An electric eel (D:10)
  2 bullfrog zombies (D:9)
  A jelly (D:11)
  11 orc wizards
  12 orc priests
  4 centaur skeletons
  5 hounds
  3 bullfrog skeletons
  6 iguanas
  Terence (D:3)
  12 worker ants
  A bullfrog simulacrum (D:10)
  A hound zombie (D:6)
  11 adders
  5 gnolls (D:8)
  7 shadow imps
  2 white imps
  2 ufetubi (D:6)
  2 oozes
  An adder zombie (D:7)
  A worm (D:3)
  A leopard gecko (D:6)
  55 orcs
  A ball python (D:6)
  3 bats (D:1)
  6 goblins
  4 hobgoblins
  14 jackals
  5 quokkas
  4 frilled lizards
  14 kobolds
  A quokka skeleton (D:6)
  2 quokka zombies
  5 rats
396 creatures vanquished.

Vanquished Creatures (collateral kills)
  A hydra (D:11)
  A tengu warrior (D:13)
  A centaur zombie (D:13)
  A troll (D:11)
  A killer bee (D:13)
  A bullfrog skeleton (D:11)
6 creatures vanquished.

Vanquished Creatures (others)
  A warg (D:15)
  A demonic plant (Gauntlet)
  2 plants (D:7)
4 creatures vanquished.

Grand Total: 406 creatures vanquished

Notes
Turn   | Place    | Note
-------+----------+-------------------------------------------
     0 | D:1      | Flugslaktarn the Deep Dwarf Fighter began the quest for the
                  | Orb.
     0 | D:1      | Reached XP level 1. HP: 20/20 MP: 1/1
   112 | D:1      | Reached XP level 2. HP: 24/27 MP: 2/2
   230 | D:2      | Reached XP level 3. HP: 30/34 MP: 3/3
   292 | D:3      | Reached skill level 3 in Axes
   339 | D:4      | Reached XP level 4. HP: 29/42 MP: 4/4
   347 | D:5      | Entered Level 5 of the Dungeon
   401 | D:5      | Reached XP level 5. HP: 37/50 MP: 4/4
   408 | D:5      | Reached skill level 4 in Axes
   585 | D:5      | Noticed an ice beast
   606 | D:5      | Reached XP level 6. HP: 35/57 MP: 5/5
   611 | D:5      | Killed an ice beast
   755 | D:4      | Reached skill level 5 in Axes
   755 | D:4      | Reached XP level 7. HP: 27/66 MP: 5/5
   780 | D:3      | Noticed Terence
   800 | D:3      | Killed Terence
   994 | D:4      | Reached skill level 5 in Fighting
  1220 | D:5      | Reached skill level 5 in Shields
  1246 | D:5      | Reached skill level 5 in Armour
  1278 | D:5      | Reached skill level 6 in Axes
  1290 | D:5      | Found a blossoming altar of Fedhas.
  1338 | D:5      | Reached XP level 8. HP: 53/76 MP: 6/6
  1491 | D:6      | Found Gumauluj's Antique Weapon Boutique.
  1549 | D:6      | Noticed Grinder
  1573 | D:6      | Killed Grinder
  1573 | D:6      | Reached skill level 7 in Axes
  1707 | D:6      | Noticed Dowan
  1707 | D:6      | Noticed Duvessa
  1714 | D:6      | Killed Dowan
  1718 | D:6      | Killed Duvessa
  1813 | D:6      | Gained mutation: You passively map the area around you.
                  | [Deep Dwarf growth]
  1813 | D:6      | Reached XP level 9. HP: 47/85 MP: 6/6
  1866 | D:6      | Reached skill level 8 in Axes
  1922 | D:6      | Bought a runed war axe for 136 gold pieces
  2193 | D:7      | Noticed Harold
  2218 | D:7      | Killed Harold
  2388 | D:7      | Reached skill level 9 in Axes
  2631 | D:7      | Found a staircase to the Ecumenical Temple.
  2644 | Temple   | Entered the Ecumenical Temple
  2887 | Temple   | Became a worshipper of Makhleb the Destroyer
  2935 | D:7      | Noticed Joseph
  2944 | D:7      | Killed Joseph
  2944 | D:7      | Reached skill level 1 in Evocations
  2944 | D:7      | Reached XP level 10. HP: 69/96 MP: 5/5
  3230 | D:7      | Reached skill level 1 in Invocations
  3504 | D:8      | Noticed a red ugly thing
  3523 | D:8      | Killed a red ugly thing
  3559 | D:8      | Noticed an ogre mage
  3574 | D:8      | Killed an ogre mage
  3574 | D:8      | Reached skill level 10 in Axes
  3685 | D:8      | Found a basalt altar of Yredelemnul.
  3697 | D:8      | Noticed Erica
  3725 | D:8      | Killed Erica
  3855 | D:8      | Noticed Maggie
  3864 | D:8      | Reached * piety under Makhleb
  3871 | D:8      | Killed Maggie
  4039 | D:8      | Noticed a two-headed ogre
  4053 | D:8      | Killed a two-headed ogre
  4053 | D:8      | Reached XP level 11. HP: 45/106 MP: 4/6
  4285 | D:9      | Noticed a skeletal warrior
  4287 | D:9      | Found a staircase to the Lair.
  4287 | D:9      | Found a roughly hewn altar of Beogh.
  4287 | D:9      | Found a staircase to the Orcish Mines.
  4288 | D:9      | Noticed a two-headed ogre
  4288 | D:9      | Noticed a skeletal warrior
  4289 | D:9      | Noticed a skeletal warrior
  4302 | D:9      | Noticed a skeletal warrior
  4305 | D:9      | Noticed a skeletal warrior
  4308 | D:9      | Killed a skeletal warrior
  4314 | D:9      | Killed a two-headed ogre
  4314 | D:9      | Killed a skeletal warrior
  4314 | D:9      | Reached skill level 11 in Axes
  4327 | D:9      | Killed a skeletal warrior
  4334 | D:9      | Killed a skeletal warrior
  4334 | D:9      | Reached skill level 5 in Invocations
  4334 | D:9      | Reached skill level 5 in Evocations
  4363 | D:9      | Reached ** piety under Makhleb
  4364 | D:9      | Killed a skeletal warrior
  4463 | D:9      | Noticed a two-headed ogre
  4487 | D:9      | Killed a two-headed ogre
  4487 | D:9      | Reached skill level 10 in Fighting
  4542 | D:9      | Found a shadowy altar of Dithmenos.
  4589 | D:9      | Paralysed by a hornet for 1 turns
  4599 | D:9      | Reached *** piety under Makhleb
  4715 | D:10     | Entered Level 10 of the Dungeon
  4724 | D:10     | Found a basalt altar of Yredelemnul.
  4929 | D:10     | Reached **** piety under Makhleb
  5036 | D:10     | Found an opulent altar of Gozag.
  5037 | D:10     | Noticed a deep elf mage
  5046 | D:10     | Killed a deep elf mage
  5046 | D:10     | Reached XP level 12. HP: 114/117 MP: 5/5
  5224 | D:10     | Found a radiant altar of Vehumet.
  5225 | D:10     | Found a bloodstained altar of Trog.
  5269 | D:10     | Reached skill level 12 in Axes
  5467 | D:10     | Got a crystal hand axe
  5468 | D:10     | Identified the +5 hand axe "Zuudiri" {vorpal, rPois Str+4
                  | Dex+5} (You found it on level 10 of the Dungeon)
  5648 | D:11     | Noticed an eight-headed hydra
  5657 | D:11     | Killed a 12-headed hydra
  6378 | D:12     | Found a gate leading to a gauntlet.
  6380 | D:12     | Noticed a two-headed ogre
  6388 | D:12     | Killed a two-headed ogre
  6400 | Gauntlet | Entered a Gauntlet
  6400 | Gauntlet | Found a transporter.
  6400 | Gauntlet | Found a transporter.
  6400 | Gauntlet | Found a transporter.
  6420 | Gauntlet | Found a transporter.
  6428 | Gauntlet | Noticed a great orb of eyes
  6430 | Gauntlet | Found a transporter.
  6434 | Gauntlet | Found a transporter.
  6436 | Gauntlet | Found a large runed translucent door.
  6437 | Gauntlet | Found a large runed translucent door.
  6438 | Gauntlet | Found a large runed translucent door.
  6438 | Gauntlet | Found a large runed translucent door.
  6438 | Gauntlet | Found a runed translucent door.
  6438 | Gauntlet | Found a runed translucent door.
  6439 | Gauntlet | Found a large runed translucent door.
  6440 | Gauntlet | Found a large runed translucent door.
  6441 | Gauntlet | Found a large runed translucent door.
  6441 | Gauntlet | Found a large runed translucent door.
  6442 | Gauntlet | Found a runed translucent gate.
  6442 | Gauntlet | Found a runed translucent gate.
  6442 | Gauntlet | Found a runed translucent gate.
  6444 | Gauntlet | Found a transporter.
  6453 | Gauntlet | Found a large runed translucent door.
  6453 | Gauntlet | Found a large runed translucent door.
  6454 | Gauntlet | Found a large runed translucent door.
  6455 | Gauntlet | Found a large runed translucent door.
  6461 | Gauntlet | Noticed a great orb of eyes
  6465 | Gauntlet | Found a transporter.
  6482 | Gauntlet | Found a transporter.
  6486 | Gauntlet | Found a transporter.
  6494 | Gauntlet | Noticed a hell hog
  6496 | Gauntlet | Found a transporter.
  6500 | Gauntlet | Found a transporter.
  6550 | Gauntlet | Found a large runed translucent door.
  6551 | Gauntlet | Found a large runed translucent door.
  6552 | Gauntlet | Found a large runed translucent door.
  6552 | Gauntlet | Found a large runed translucent door.
  6602 | Gauntlet | Gained mutation: You are weak. (Str -2) [a shining eye]
  6636 | Gauntlet | Paralysed by a great orb of eyes for 6 turns
  6650 | Gauntlet | Killed a great orb of eyes
  6665 | Gauntlet | Got a dazzling helmet
  6676 | Gauntlet | Identified the +0 helmet of Too Many Cooks {Harm Stlth+}
                  | (You found it in a Gauntlet)
  6722 | Gauntlet | Got a jewelled helmet
  6728 | Gauntlet | Identified the +0 helmet the Filigreed Bull {rPois rF+++
                  | Str-4 Slay-4} (You found it in a Gauntlet)
  6776 | Gauntlet | Identified the +8 flail of the Final Decision {protect,
                  | rPois}
  6776 | Gauntlet | Noticed a minotaur
  6808 | Gauntlet | Killed a minotaur
  6816 | Gauntlet | Identified the Guide on Supportive Air
  7175 | D:13     | Found Nifisal's Book Shop.
  7278 | D:13     | Noticed a seven-headed hydra
  7284 | D:13     | Killed an eight-headed hydra
  7292 | D:13     | Noticed a centaur warrior
  7297 | D:13     | Noticed a tengu warrior
  7298 | D:13     | Noticed a vault guard
  7302 | D:13     | Noticed a centaur warrior
  7302 | D:13     | Killed a centaur warrior
  7314 | D:13     | Killed a centaur warrior
  7314 | D:13     | Reached XP level 13. HP: 127/127 MP: 5/5
  7337 | D:13     | Reached skill level 13 in Axes
  7363 | D:13     | Found a gate to the Vaults.
  7457 | D:13     | Reached ***** piety under Makhleb
  7668 | D:13     | Reached skill level 10 in Shields
  8165 | D:14     | Reached skill level 10 in Armour
  8250 | D:14     | Found Hofyfoh's Distillery.
  8482 | D:14     | Found a transporter.
  8482 | D:14     | Noticed a shadow dragon
  8483 | D:14     | Noticed Doataceo's ghost (journeyman DsFi)
  8484 | D:14     | Noticed a fire dragon
  8489 | D:14     | Noticed a fire dragon
  8496 | D:14     | Found a transporter.
  8930 | D:15     | Entered Level 15 of the Dungeon
  8952 | D:15     | HP: 2/129 [green ugly thing (10)]
  8968 | D:15     | Found a white marble altar of Elyvilon.
  9017 | D:15     | Found a staircase to the Depths.
  9019 | D:15     | Noticed a fire giant
  9045 | D:15     | Killed a fire giant
  9045 | D:15     | Reached skill level 14 in Axes
  9097 | D:15     | HP: 6/129 [phantasmal warrior[a death knight] (19)]
  9098 | D:15     | Slain by a phantasmal warrior

Illustrated notes

Levels and vault maps discovered:
D:1:      co_arrival_random_square_maze, layout_rooms
D:2:      layout_rooms, minmay_ruptured
D:3:      lemuel_upstairs_altar, layout_loops_corners, minmay_cut_off,
          uniq_terence
D:4:      layout_cave_pools
D:5:      layout_loops_ring, fedhas_altar_3
D:6:      layout_gridville, serial_shops, shop, uniq_grinder, uniq_duvessa
D:7:      layout_basic, minmay_temple_entry_gardened_gates, uniq_joseph,
          uniq_harold
D:8:      minmay_tri_box, layout_gridville, basic_altar, uniq_maggie, uniq_erica
D:9:      layout_rooms, kennysheep_mini, lair_entry_dummy, david_orc_5
D:10:     minmay_the_grid_octo_2x2 [minmay_the_grid_octo_fan_narrow,
          minmay_the_grid_octo_tetromino_candy,
          minmay_the_grid_octo_vomiting_pacman,
          minmay_the_grid_octo_prize_ultimate_mussel_roller], layout_basic,
          basic_altar, david_defended_altar_elf
D:11:     layout_small_grid
D:12:     layout_rooms, serial_glass, glass_columns_a, glass_columns_c,
          gauntlet_entry_generic, kennysheep_generic_room_4
D:13:     layout_stronghold, david_vaults_5, serial_shops, nicolae_shop_crystal,
          hangedman_decor_points
D:14:     layout_irregular_city, gammafunk_ghost_berserking_beasts,
          serial_shops, nicolae_shop_trees, serial_park_square2, serial_glass,
          glass_columns_b, glass_columns_a, glass_columns_a, glass_columns_c,
          glass_columns_b, glass_columns_a, kennysheep_another_room,
          grunt_decor_mini_mirrors, nrook_guardian_serpent_ordinary
D:15:     grunt_enter_depths_giant_problem, layout_small_grid, serial_shops,
          bzr_entry_gold, elyvilon_altar_5, uniq_jorgrun
Temple:   nicolae_temple_the_god_donut

Skill      XL: |  1  2  3  4  5  6  7  8  9 10 11 12 13 |
---------------+----------------------------------------+-----
Fighting       | 3 4 5 6 8 9 10 11 12 | 12.2
Axes           | 3 4 5 6 7 9 10 11 12 14 | 14.0
Shields        | 4 5 6 7 8 9 10 | 10.6
Armour         | 4 5 6 7 8 9 10 | 10.5
Evocations     | 1 4 6 7 9 |  9.2
Invocations    | 4 6 7 9 |  9.2

Action                   |  1- 3 |  4- 6 |  7- 9 | 10-12 | 13-15 || total
-------------------------+-------+-------+-------+-------+-------++-------
Melee: War axe           |    86 |    89 |   325 |   480 |   128 ||  1108
       Hand axe          |       |       |       |   228 |   173 ||   401
Invok: Lesser Servant of |       |       |       |     4 |       ||     4
 Abil: Heal Wounds       |       |     4 |     9 |    43 |    14 ||    70
Evoke: Wand              |       |       |       |     8 |     2 ||    10
       Condenser vane    |       |       |       |     3 |     2 ||     5
  Use: Scroll            |       |       |     9 |    14 |     2 ||    25
       Potion            |       |       |       |     3 |     6 ||     9
 Stab: Paralysed         |       |       |       |     6 |       ||     6
       Invisible         |       |       |       |    13 |       ||    13
       Confused          |       |       |       |     3 |       ||     3
       Distracted        |       |       |       |       |     1 ||     1
Armor: Scale mail        |    45 |    31 |     2 |       |       ||    78
       Plate armour      |       |       |   232 |   285 |   142 ||   659
Dodge: Dodged            |    34 |    44 |    54 |   119 |    52 ||   303
Block: Kite shield       |    43 |    64 |   211 |   404 |   126 ||   848
       Tower shield      |       |       |       |       |    59 ||    59

Table legend: (Time is in decaauts)
 A = Elapsed time spent in this place.
 B = Non-inter-level travel time spent in this place.
 C = Inter-level travel time spent in this place.
 D = Time resting spent in this place.
 E = Time spent auto-exploring this place.
 F = Levels seen in this place.
 G = Mean time per level.
                   A        B        C        D        E       F      G
               +--------+--------+--------+--------+--------+-----+--------+
         Total |   9108 |   8684 |    424 |      9 |   5851 |  17 |  535.8 |
       Dungeon |   8456 |   8050 |    406 |      9 |   5465 |  15 |  563.7 |
        Temple |    255 |    237 |     18 |      0 |    233 |   1 |  255.0 |
      Gauntlet |    396 |    396 |      0 |      0 |    153 |   1 |  396.0 |
               +--------+--------+--------+--------+--------+-----+--------+

Top non-repeatable levels by time:
     D:7: 970 daAuts
    D:13: 955 daAuts
    D:10: 904 daAuts
     D:8: 886 daAuts
    D:14: 768 daAuts
     D:6: 693 daAuts
     D:5: 668 daAuts
    D:11: 612 daAuts
     D:4: 502 daAuts
     D:9: 489 daAuts
    D:12: 437 daAuts
Gauntlet: 396 daAuts
  Temple: 255 daAuts
     D:1: 216 daAuts
    D:15: 166 daAuts
